AZL
ARIZONA (AZL) DIAMONDBACKS @ LOS ANGELES A (AZL) ANGELS
08/22/2099
 
TOP OF THE 1ST
Arizona (AZL) Diamondbacks batting - Pitching for Los Angeles A (AZL) Angels : RHP Tony Reyes
Pitching: RHP Tony Reyes
Batting: RHB Javier Pacheco 0-0: Ball
1-0: TRIPLE (Groundball, 3L, EV 107.5 MPH)
Batting: RHB Angelo Guerra 0-0: Foul Ball, location: 2F
0-1: Swinging Strike
0-2: Ball
1-2: Ball
2-2: Strikes out swinging
Batting: SHB Eric Meek 0-0: Ball
1-0: Swinging Strike
1-1: Called Strike
1-2: Ball
2-2: SINGLE (Line Drive, 7LS, EV 110.0 MPH)
Javier Pacheco scores
Batting: SHB Alex Martinez 0-0: Ball
1-0: Ball
2-0: Fly out, F9 (Flyball, 89S, EV 74.4 MPH)
Batting: RHB Matt Lancaster 0-0: Ball
1-0: Called Strike
1-1: Called Strike
1-2: Strikes out swinging
Top of the 1st over - 1 run, 2 hits, 0 errors, 1 left on base; Arizona (AZL) 1 - Los Angeles A (AZL) 0
BOTTOM OF THE 1ST
Los Angeles A (AZL) Angels batting - Pitching for Arizona (AZL) Diamondbacks : RHP Greg Pence
Pitching: RHP Greg Pence
Batting: RHB Craig Dolan 0-0: Called Strike
0-1: Ball
1-1: Called Strike
1-2: Ball
2-2: Strikes out swinging
Batting: LHB Carlos Aranda 0-0: Called Strike
0-1: Fly out, F8 (Line Drive, 78M, EV 95.0 MPH)
Batting: RHB Hector Castillo 0-0: Foul Ball, location: 5DF
0-1: Ground out 5-3 (Groundball, 56, EV 82.5 MPH)
Bottom of the 1st over - 0 runs, 0 hits, 0 errors, 0 left on base; Arizona (AZL) 1 - Los Angeles A (AZL) 0
TOP OF THE 2ND
Arizona (AZL) Diamondbacks batting - Pitching for Los Angeles A (AZL) Angels : RHP Tony Reyes
Batting: RHB Josh Bryan 0-0: Ball
1-0: Ball
2-0: Ball
3-0: Called Strike
3-1: Foul Ball, location: 9LDF
3-2: Base on Balls
Batting: SHB Cody Allen 0-0: Ball
1-0: Foul Ball, location: 25FF
1-1: Grounds into double play, 4-6-3 (Groundball, 4, EV 91.9 MPH)
Batting: LHB Merrill Wahl 0-0: Ball
1-0: Ground out U3 (Groundball, 3, EV 86.3 MPH)
Top of the 2nd over - 0 runs, 0 hits, 0 errors, 0 left on base; Arizona (AZL) 1 - Los Angeles A (AZL) 0
BOTTOM OF THE 2ND
Los Angeles A (AZL) Angels batting - Pitching for Arizona (AZL) Diamondbacks : RHP Greg Pence
Batting: LHB Dan Earl 0-0: Called Strike
0-1: Ball
1-1: Fly out, F6 (Line Drive, 6, EV 62.5 MPH)
Batting: RHB Taylor Clarke 0-0: Ball
1-0: Swinging Strike
1-1: Ball
2-1: Ground out 6-3 (Groundball, 56, EV 83.1 MPH)
Batting: RHB Kevin Barnett 0-0: Ball
1-0: Foul Ball, location: 2F
1-1: Foul Ball, location: 9LMF
1-2: Strikes out swinging
Bottom of the 2nd over - 0 runs, 0 hits, 0 errors, 0 left on base; Arizona (AZL) 1 - Los Angeles A (AZL) 0
TOP OF THE 3RD
Arizona (AZL) Diamondbacks batting - Pitching for Los Angeles A (AZL) Angels : RHP Tony Reyes
Batting: SHB Miguel Guel 0-0: Called Strike
0-1: Ground out 4-3 (Groundball, 4D, EV 88.8 MPH)
Batting: RHB Javier Pacheco 0-0: Ball
1-0: Ball
2-0: Foul Ball, location: 2F
2-1: Ball
3-1: Called Strike
3-2: Base on Balls
Batting: RHB Angelo Guerra 0-0: Ball
1-0: Swinging Strike
1-1: Ball
2-1: Foul Ball, location: 2F
2-2: Foul Ball, location: 2F
2-2: Ball
3-2: Foul Ball, location: 2F
3-2: SINGLE (Line Drive, 34D, EV 96.9 MPH)
Javier Pacheco to second
Runner from 2nd tries for 3rd, SAFE, throw by RF made to third
Batting: SHB Eric Meek 0-0: Ball
1-0: Ball
2-0: Ball
3-0: Base on Balls
Angelo Guerra to second
Batting: SHB Alex Martinez 0-0: Ball
1-0: Ball
2-0: Ball
3-0: Base on Balls
Javier Pacheco scores
Angelo Guerra to third
Eric Meek to second
Batting: RHB Matt Lancaster 0-0: Ball
1-0: Ball
2-0: Foul Ball, location: 2F
2-1: Foul Ball, location: 5F
2-2: Ball
3-2: Foul Ball, location: 2F
3-2: Strikes out swinging
Batting: RHB Josh Bryan 0-0: Ball
1-0: Swinging Strike
1-1: GRAND SLAM HOME RUN (Flyball, 89XD, EV 100.0 MPH), Distance : 426 ft
Pitching: RHP Roberto Heredia
Batting: SHB Cody Allen 0-0: Foul Ball, location: 2F
0-1: Ball
1-1: Foul Ball, location: 2LF
1-2: Foul Ball, location: 5F
1-2: DOUBLE (Flyball, 8LXD, EV 95.6 MPH)
Batting: LHB Merrill Wahl 0-0: Ball
1-0: SINGLE (Line Drive, 89S, EV 91.9 MPH)
Cody Allen to third
Batting: SHB Miguel Guel 0-0: Called Strike
0-1: Foul Ball, location: 5F
0-2: Ball
1-2: Fly out, F8 (Flyball, 8LD, EV 92.5 MPH)
Top of the 3rd over - 5 runs, 4 hits, 0 errors, 2 left on base; Arizona (AZL) 6 - Los Angeles A (AZL) 0
BOTTOM OF THE 3RD
Los Angeles A (AZL) Angels batting - Pitching for Arizona (AZL) Diamondbacks : RHP Greg Pence
Batting: RHB Jim Albert 0-0: Ball
1-0: Ball
2-0: Ball
3-0: Base on Balls
Batting: RHB Danny Martinez 0-0: Ball
1-0: Called Strike
1-1: Grounds into double play, 6-4-3 (Groundball, 6, EV 86.9 MPH)
Batting: RHB Tristan Ballowe 0-0: Swinging Strike
0-1: Ball
1-1: Swinging Strike
1-2: Strikes out swinging
Bottom of the 3rd over - 0 runs, 0 hits, 0 errors, 0 left on base; Arizona (AZL) 6 - Los Angeles A (AZL) 0
TOP OF THE 4TH
Arizona (AZL) Diamondbacks batting - Pitching for Los Angeles A (AZL) Angels : RHP Roberto Heredia
Batting: RHB Javier Pacheco 0-0: Called Strike
0-1: Called Strike
0-2: Strikes out looking
Batting: RHB Angelo Guerra 0-0: Fly out, F8 (Line Drive, 89M, EV 88.8 MPH)
Batting: SHB Eric Meek 0-0: Called Strike
0-1: Ball
1-1: Ball
2-1: Foul Ball, location: 25FF
2-2: Foul Ball, location: 5F
2-2: Strikes out looking
Top of the 4th over - 0 runs, 0 hits, 0 errors, 0 left on base; Arizona (AZL) 6 - Los Angeles A (AZL) 0
BOTTOM OF THE 4TH
Los Angeles A (AZL) Angels batting - Pitching for Arizona (AZL) Diamondbacks : RHP Greg Pence
Batting: RHB Craig Dolan 0-0: SINGLE (Flyball, 89S, EV 88.1 MPH)
Batting: LHB Carlos Aranda 0-0: Foul Ball, location: 3FF
0-1: Called Strike
0-2: Ball
1-2: SINGLE (Groundball, 4MD, EV 103.8 MPH)
Craig Dolan to second
Batting: RHB Hector Castillo 0-0: Ball
1-0: Ball
Passed Ball!
Craig Dolan to third
Carlos Aranda to second
2-0: Ball
3-0: Called Strike
3-1: Ground out 5-3 (Groundball, 56S, EV 90.0 MPH)
Batting: LHB Dan Earl 0-0: Ball
1-0: Ground out 4-3 (Groundball, 34, EV 108.1 MPH)
Batting: RHB Taylor Clarke 0-0: Ball
1-0: Ball
Wild Pitch!
Craig Dolan scores
Carlos Aranda to third
2-0: Ball
3-0: Called Strike
3-1: Ground out 5-3 (Groundball, 56S, EV 76.9 MPH)
Bottom of the 4th over - 1 run, 2 hits, 0 errors, 1 left on base; Arizona (AZL) 6 - Los Angeles A (AZL) 1
TOP OF THE 5TH
Arizona (AZL) Diamondbacks batting - Pitching for Los Angeles A (AZL) Angels : RHP Roberto Heredia
Batting: SHB Alex Martinez 0-0: Fly out, F6 (Popup, 6S, EV 85.0 MPH)
Batting: RHB Matt Lancaster 0-0: Fly out, F8 (Flyball, 78D, EV 111.3 MPH)
Batting: RHB Josh Bryan 0-0: Ball
1-0: Fly out, F8 (Flyball, 8LD, EV 105.0 MPH)
Top of the 5th over - 0 runs, 0 hits, 0 errors, 0 left on base; Arizona (AZL) 6 - Los Angeles A (AZL) 1
BOTTOM OF THE 5TH
Los Angeles A (AZL) Angels batting - Pitching for Arizona (AZL) Diamondbacks : RHP Greg Pence
Batting: RHB Kevin Barnett 0-0: SINGLE (Groundball, 4D, EV 98.1 MPH)
Batting: RHB Jim Albert 0-0: Called Strike
0-1: Ball
1-1: Foul Ball, location: 2F
1-2: Strikes out looking
Batting: RHB Danny Martinez 0-0: Swinging Strike
0-1: Swinging Strike
0-2: Ball
1-2: SINGLE (Groundball, 6M, EV 89.4 MPH)
Kevin Barnett to second
Batting: RHB Tristan Ballowe 0-0: Ball
1-0: Foul Ball, location: 2F
1-1: Ball
2-1: Called Strike
2-2: Strikes out swinging
Batting: RHB Craig Dolan 0-0: Foul Ball, location: 2F
0-1: SINGLE (Groundball, 6D, EV 106.3 MPH)
Kevin Barnett to third
Danny Martinez to second
Runner from 3rd tries for Home, SAFE, throw by CF to home
Batting: LHB Carlos Aranda 0-0: Swinging Strike
0-1: Ball
1-1: Foul Ball, location: 25FF
1-2: Ball
2-2: Ball
3-2: Foul Ball, location: 7LDF
3-2: Base on Balls
Danny Martinez to third
Craig Dolan to second
Batting: RHB Hector Castillo 0-0: Foul Ball, location: 7LMFF
0-1: Fly out, F9 (Flyball, 9LS, EV 75.6 MPH)
Bottom of the 5th over - 1 run, 3 hits, 0 errors, 3 left on base; Arizona (AZL) 6 - Los Angeles A (AZL) 2
TOP OF THE 6TH
Arizona (AZL) Diamondbacks batting - Pitching for Los Angeles A (AZL) Angels : RHP Roberto Heredia
Batting: SHB Cody Allen 0-0: Called Strike
0-1: Ball
1-1: Fly out, F8 (Flyball, 8RD, EV 103.8 MPH)
Batting: LHB Merrill Wahl 0-0: Ground out 4-3 (Groundball, 4, EV 85.6 MPH)
Batting: SHB Miguel Guel 0-0: Ball
1-0: Ball
2-0: Foul Ball, location: 2F
2-1: Ball
3-1: Called Strike
3-2: SINGLE (Groundball, 4D, EV 103.8 MPH)
Batting: RHB Javier Pacheco 0-0: Ball
Miguel Guel steals 2nd base
1-0: Ball
2-0: Swinging Strike
2-1: Ball
3-1: Called Strike
3-2: Ground out 5-3 (Groundball, 56S, EV 85.6 MPH)
Top of the 6th over - 0 runs, 1 hit, 0 errors, 1 left on base; Arizona (AZL) 6 - Los Angeles A (AZL) 2
BOTTOM OF THE 6TH
Los Angeles A (AZL) Angels batting - Pitching for Arizona (AZL) Diamondbacks : RHP Greg Pence
Batting: LHB Dan Earl 0-0: Ball
1-0: Called Strike
1-1: Ball
2-1: SINGLE (Line Drive, 78S, EV 87.5 MPH)
Batting: RHB Taylor Clarke 0-0: Grounds into double play, 5-4-3 (Groundball, 56, EV 81.9 MPH)
Batting: RHB Kevin Barnett 0-0: Called Strike
0-1: Ball
1-1: Called Strike
1-2: Strikes out looking
Bottom of the 6th over - 0 runs, 1 hit, 0 errors, 0 left on base; Arizona (AZL) 6 - Los Angeles A (AZL) 2
TOP OF THE 7TH
Arizona (AZL) Diamondbacks batting - Pitching for Los Angeles A (AZL) Angels : RHP Roberto Heredia
Pitching: RHP Manny Fuentes
Batting: RHB Angelo Guerra 0-0: SINGLE (Line Drive, 9LS, EV 91.9 MPH)
Batting: SHB Eric Meek 0-0: Called Strike
0-1: Foul Ball, location: 3DF
0-2: Strikes out looking
Batting: SHB Alex Martinez 0-0: Called Strike
0-1: Swinging Strike
0-2: Ball
1-2: Ball
2-2: Fly out, F8 (Flyball, 78D, EV 110.6 MPH)
Batting: RHB Matt Lancaster 0-0: Ball
1-0: SINGLE (Line Drive, 8LS, EV 92.5 MPH)
Angelo Guerra to second
Runner from 2nd tries for 3rd, SAFE, throw by CF made to third
Batting: RHB Josh Bryan 0-0: Swinging Strike
0-1: Ball
1-1: Ball
2-1: Foul Ball, location: 9LMF
2-2: Ball
3-2: Ground out 5-3 (Groundball, 5L, EV 102.5 MPH)
Top of the 7th over - 0 runs, 2 hits, 0 errors, 2 left on base; Arizona (AZL) 6 - Los Angeles A (AZL) 2
BOTTOM OF THE 7TH
Los Angeles A (AZL) Angels batting - Pitching for Arizona (AZL) Diamondbacks : RHP Greg Pence
DELAY Rain delay of 17 minutes in the 7th inning.
Batting: RHB Jim Albert 0-0: Ball
1-0: Ground out 6-3 (Groundball, 6D, EV 101.3 MPH)
Pitching: RHP Justin Baranello
Batting: RHB Danny Martinez 0-0: Ground out 1-3 (Groundball, 15S, EV 73.8 MPH)
Pinch Hitting: LHB Raul Paredes 0-0: Ball
1-0: Foul Ball, location: 2F
1-1: Called Strike
1-2: Foul Ball, location: 7LSF
1-2: Foul Ball, location: 9LSF
1-2: Ball
2-2: Ball
3-2: Foul Ball, location: 7LDF
3-2: Fly out, F8 (Line Drive, 8LD, EV 95.0 MPH)
Bottom of the 7th over - 0 runs, 0 hits, 0 errors, 0 left on base; Arizona (AZL) 6 - Los Angeles A (AZL) 2
TOP OF THE 8TH
Arizona (AZL) Diamondbacks batting - Pitching for Los Angeles A (AZL) Angels : RHP Manny Fuentes
Now in LF: Raul Paredes
Batting: SHB Cody Allen 0-0: Called Strike
0-1: Ball
1-1: Fly out, F7 (Flyball, 7, EV 96.9 MPH)
Batting: LHB Merrill Wahl 0-0: Called Strike
0-1: Foul Ball, location: 25F
0-2: Strikes out looking
Batting: SHB Miguel Guel 0-0: Ball
1-0: Called Strike
1-1: Foul Ball, location: 7LMF
1-2: Ball
2-2: Strikes out swinging, 2-3 out at first.
Top of the 8th over - 0 runs, 0 hits, 0 errors, 0 left on base; Arizona (AZL) 6 - Los Angeles A (AZL) 2
BOTTOM OF THE 8TH
Los Angeles A (AZL) Angels batting - Pitching for Arizona (AZL) Diamondbacks : RHP Justin Baranello
Pinch Hitting: LHB Chad Smith 0-0: Fly out, F9 (Line Drive, 9, EV 90.6 MPH)
Batting: LHB Carlos Aranda 0-0: Called Strike
0-1: SINGLE (Groundball, 4M, EV 101.3 MPH) (infield hit)
Batting: RHB Hector Castillo 0-0: Ball
1-0: Ball
2-0: Foul Ball, location: 9LMF
2-1: Foul Ball, location: 2F
2-2: Fly out, F9 (Flyball, 89S, EV 78.1 MPH)
Batting: LHB Dan Earl 0-0: Foul Ball, location: 23F
0-1: Ball
1-1: Ball
2-1: Ball
3-1: Swinging Strike
3-2: Fly out, F8 (Flyball, 8LD, EV 93.1 MPH)
Bottom of the 8th over - 0 runs, 1 hit, 0 errors, 1 left on base; Arizona (AZL) 6 - Los Angeles A (AZL) 2
TOP OF THE 9TH
Arizona (AZL) Diamondbacks batting - Pitching for Los Angeles A (AZL) Angels : RHP Manny Fuentes
Pitching: RHP Jose Alvarinho
Now at 1B: Chad Smith
Batting: RHB Javier Pacheco 0-0: Ball
1-0: Called Strike
1-1: Ball
2-1: Swinging Strike
2-2: Ball
3-2: Base on Balls
Batting: RHB Angelo Guerra 0-0: Called Strike
0-1: Called Strike
0-2: Ball
1-2: Ball
2-2: Foul Ball, location: 5FF
2-2: SINGLE (Line Drive, 7S, EV 96.9 MPH)
Javier Pacheco to second
Batting: SHB Eric Meek 0-0: Called Strike
0-1: Ball
1-1: Ball
2-1: Foul Ball, location: 2F
2-2: Fly out, F7 (Flyball, 78M, EV 87.5 MPH)
Batting: SHB Alex Martinez 0-0: Called Strike
0-1: Ball
1-1: Swinging Strike
1-2: Foul Ball, location: 7LMF
1-2: Strikes out swinging
Pinch Hitting: SHB Daniel Richardson 0-0: Fly out, F9 (Flyball, 9S, EV 86.3 MPH)
Top of the 9th over - 0 runs, 1 hit, 0 errors, 2 left on base; Arizona (AZL) 6 - Los Angeles A (AZL) 2
BOTTOM OF THE 9TH
Los Angeles A (AZL) Angels batting - Pitching for Arizona (AZL) Diamondbacks : RHP Justin Baranello
Now at 1B: Chris Rogers Jr.
Pinch Hitting: LHB Juan Barajas 0-0: Fly out, F7 (Flyball, 7D, EV 90.0 MPH)
Pinch Hitting: LHB Karl Eastman 0-0: Swinging Strike
0-1: Foul Ball, location: 25F
0-2: Foul Ball, location: 3F
0-2: Ball
1-2: Strikes out swinging
Pinch Hitting: RHB Steve Scanlon 0-0: Ball
1-0: Called Strike
1-1: Ball
2-1: Ground out 6-3 (Groundball, 6, EV 108.1 MPH)
Bottom of the 9th over - 0 runs, 0 hits, 0 errors, 0 left on base; Arizona (AZL) 6 - Los Angeles A (AZL) 2
Monday, May 13th , 2024 - OOTP Baseball 24.11 Build 85